 Dungeon Crawl Stone Soup version 0.28-a0-1114-g8eb0198dcf (webtiles) character file.

Game seed: 9731048838439821812

68 Froggeryz the Sneak (level 4, -2/38 HPs)
             Began as a Ghoul Delver on Dec 11, 2021.
             Slain by a worm (9 damage)
             ... on level 2 of the Dungeon.
             The game lasted 00:02:45 (1185 turns).

Froggeryz the Sneak (Ghoul Delver)                  Turns: 1185, Time: 00:02:46

Health: -2/38      AC:  8    Str: 17    XL:     4   Next: 19%
Magic:  3/3        EV: 11    Int:  5    God:
Gold:   20         SH:  0    Dex: 10    Spells: 3/3 levels left

rFire   . . .      SeeInvis .     - Unarmed
rCold   + . .      Faith    .   (no shield)
rNeg    + + +      Spirit   .   g - +0 ring mail
rPois   ∞          Reflect  .   (no helmet)
rElec   .          Harm     .   (no cloak)
rCorr   .          Rampage  .   h - +2 pair of gloves
Will    .....                   (no boots)
Stlth   ++........              (no amulet)
HPRegen 0.00/turn               (no ring)
MPRegen 0.08/turn               (no ring)

@: inhibited regen
A: claws 1, cold resistance 1, negative energy resistance 3, inhibited
regeneration, torment resistance 2
a: no special abilities


You were on level 2 of the Dungeon.
You visited 1 branch of the dungeon, and saw 4 of its levels.

You collected 20 gold pieces.

Inventory:

Missiles
 e - 16 poisoned darts (quivered)
 j - 2 boomerangs
Armour
 g - a +0 ring mail (worn)
 h - a +2 pair of gloves (worn)
Wands
 f - a wand of digging (3)
Scrolls
 a - a scroll of amnesia {unknown}
 b - a scroll of fog
 c - a scroll of identify {unknown}
 d - a scroll of fear
 i - a scroll of noise {unknown}


   Skills:
 - Level 3.2 Fighting
 + Level 1.7 Armour
 - Level 1.7 Dodging
 - Level 5.4 Stealth
 * Level 4.1 Unarmed Combat


You had 3 spell levels left.
You didn't know any spells.
Your spell library contained the following spells:

 Spells                   Type           Power      Damage    Failure   Level
 Scorch                   Fire           0%         2d5       82%         2
 Flame Wave               Conj/Fire      0%         2d4       100%        4
 Summon Cactus Giant      Summ           0%         N/A       100%        6


Dungeon Overview and Level Annotations

Branches:
Dungeon (5/15)
 Temple: D:4-7

Altars:
Hepliaklqana
Nemelex Xobeh
Trog

Annotations:
D:2 Natasha


Innate Abilities, Weirdness & Mutations

You thrive by killing the living.
You are immune to poison.
You have sharp fingernails.
Your flesh is cold resistant. (rC+)
You are immune to negative energy. (rN+++)
You do not regenerate when monsters are visible.
You are immune to unholy pain and torment.


Message History

You hit the crimson imp.
The crimson imp is moderately wounded.
The crimson imp closely misses you.
You hit the crimson imp but do no damage.
The crimson imp is moderately wounded.
The crimson imp disappears for a moment.
The crimson imp hits you.
Natasha hisses.
You punch the crimson imp!
The crimson imp is almost dead.
The crimson imp shouts, "Give up, thou long-expired clay-brained vassal!"
The crimson imp hits you but does no damage.
You hit the crimson imp but do no damage.
The crimson imp is severely wounded.
The crimson imp blinks!
Natasha claws you.
* * * LOW HITPOINT WARNING * * *
The crimson imp closely misses you.
You hit Natasha.
Natasha is almost dead.
Natasha claws you.
* * * LOW HITPOINT WARNING * * *
The worm barely misses you. The crimson imp misses you.
You barely miss Natasha.
Natasha is almost dead.
Natasha barely misses you.
The crimson imp hits you but does no damage.
The worm bites you but does no damage.
You closely miss Natasha.
Natasha is almost dead.
Natasha casts a spell at you.
The magic dart hits you but does no damage.
The crimson imp hits you but does no damage.
You hit Natasha.
Natasha is almost dead.
The crimson imp disappears in a puff of smoke!
Natasha claws you.
* * * LOW HITPOINT WARNING * * *
The worm bites you!
You die...

#.# #.#
#.# #.#
#.#
#.#####.##
.....5wh§#
#@# #.#
#.# #.# #
#.#
#####.##.#
.........#
#.###.##.#
#.##.#


You could see a worm, Natasha and a crimson imp (summoned).

Vanquished Creatures
  A gnoll shaman (D:4)
  2 adders (D:5)
  An ufetubus (D:3)
  4 orcs
  A bat (D:2)
  An endoplasm (D:3)
  A goblin (D:2)
  A hobgoblin (D:2)
  A kobold (D:3)
13 creatures vanquished.

Vanquished Creatures (others)
  A plant (D:4)
1 creature vanquished.

Grand Total: 14 creatures vanquished

Notes
Turn   | Place    | Note
-------+----------+-------------------------------------------
     0 | D:5      | Froggeryz the Ghoul Delver began the quest for the Orb.
     0 | D:5      | Reached XP level 1. HP: 19/19 MP: 0/0
     4 | D:5      | Noticed a phantom
     6 | D:5      | Noticed a howler monkey
    17 | D:5      | Reached XP level 2. HP: 21/26 MP: 1/1
    27 | D:5      | Noticed a scorpion
   396 | D:4      | Found a hazy altar of Hepliaklqana.
   396 | D:4      | Found a bloodstained altar of Trog.
   396 | D:4      | Found a sparkling altar of Nemelex Xobeh.
   439 | D:3      | You fall into a shaft and drop 2 floors!
   772 | D:5      | Reached skill level 1 in Armour
   772 | D:5      | Reached XP level 3. HP: 31/31 MP: 2/2
   838 | D:5      | Noticed an ice beast
  1066 | D:3      | Reached XP level 4. HP: 29/38 MP: 3/3
  1159 | D:2      | Noticed Natasha
  1185 | D:2      | Slain by a worm

Illustrated notes

Levels and vault maps discovered:
D:2:      layout_basic, uniq_natasha
D:3:      layout_loops_ring, nicolae_tso_besieged_by_evil
D:4:      layout_layer_cave, gammafunk_temple_overflow_forgotten,
          kennysheep_generic_room_5
D:5:      layout_rooms, minmay_bent

Skill      XL: |  1  2  3 |
---------------+----------+-----
Unarmed Combat | 3 4 |  4.1
Armour         | 1 |  1.7
Fighting       | |  3.2
Dodging        | |  1.7
Stealth        | |  5.4

Action                   |  1- 3 |  4- 6 || total
-------------------------+-------+-------++-------
Melee: Unarmed           |    45 |    39 ||    84
       Punch             |     1 |       ||     1
  Use: Scroll            |     1 |       ||     1
       Potion            |     1 |       ||     1
Armor: Ring mail         |    28 |    17 ||    45
       Leather armour    |     3 |       ||     3
Dodge: Dodged            |    50 |    20 ||    70

Table legend: (Time is in decaauts)
 A = Elapsed time spent in this place.
 B = Non-inter-level travel time spent in this place.
 C = Inter-level travel time spent in this place.
 D = Time resting spent in this place.
 E = Time spent auto-exploring this place.
 F = Levels seen in this place.
 G = Mean time per level.
                   A        B        C        D        E       F      G
               +--------+--------+--------+--------+--------+-----+--------+
         Total |   1160 |   1134 |     26 |    634 |    110 |   4 |  290.0 |
       Dungeon |   1160 |   1134 |     26 |    634 |    110 |   4 |  290.0 |
               +--------+--------+--------+--------+--------+-----+--------+

Top non-repeatable levels by time:
     D:4: 556 daAuts
     D:5: 456 daAuts
     D:2: 92 daAuts
     D:3: 54 daAuts
